AoeStats
← Tian

Fortress

509705942Analyzed
2v2 RM · 3d ago on Sep 27, 2026· 51m 12s· 4 players
Game mode
Random Map
Map size
Normal (6 player)
Population
200
Speed
Normal
Resources
Standard
Victory
Conquest
Starting age
Dark Age
Ending age
Imperial Age
RankedLock teamsTeams togetherTeam positionsShared explorationLock speedFull tech treeHidden civsTurbo modeCheats
Victory
Defeat
🇧🇬 Chinese · Bulgaria
902
+14
🇬🇧 Gurjaras · United Kingdom
819
+18
🇸🇪 Ethiopians · Sweden
865
-16
🇸🇪 Japanese · Sweden
855
-16
Tian
4:27 Loom
5:00 Loom
7:12 Feudal Age
13:25 Castle Age
11:56 Forging
11:46 Scale Mail Armor
11:33 Arson
11:58 Double-Bit Axe
12:16 Fletching
12:55 Gold Mining
14:05 Crossbowman
15:07 Chain Mail Armor
18:00 Bodkin Arrow
19:43 Horse Collar
20:40 Thumb Ring
20:00 Crossbowman
21:05 Bow Saw
24:33 Wheelbarrow
23:45 Town Watch
24:54 Padded Archer Armor
25:52 Leather Archer Armor
33:29 Imperial Age
32:46 Gold Shaft Mining
34:37 Bracer
34:14 Arbalester
35:00 Thumb Ring
40:03 Ring Archer Armor
38:56 Elite Skirmisher
45:40 Onager
48:49 Heavy Scorpion
Brorbert
1:50 Loom
9:05 Feudal Age
11:10 Wheelbarrow
10:27 Town Watch
11:08 Arson
12:50 Scale Mail Armor
13:02 Forging
12:53 Padded Archer Armor
13:08 Horse Collar
15:19 Fletching
18:48 Castle Age
17:50 Stone Mining
18:26 Gold Mining
20:55 Gold Shaft Mining
20:10 Double-Bit Axe
22:26 Squires
22:44 Chain Mail Armor
24:59 Iron Casting
26:05 Pikeman
27:35 Hand Cart
29:34 Town Patrol
37:26 Bow Saw
43:11 Imperial Age
43:45 Leather Archer Armor
45:24 Hoardings
45:11 Conscription
45:56 Conscription
47:52 Plate Mail Armor
48:23 Blast Furnace
49:15 Elite Skirmisher
50:09 Elite Samurai
50:56 Elite Samurai
nordland11
0:30 Loom
10:23 Feudal Age
12:37 Double-Bit Axe
12:49 Gold Mining
12:54 Stone Mining
15:22 Castle Age
13:49 Arson
15:29 Horse Collar
19:05 Squires
19:55 Bow Saw
20:30 Padded Archer Armor
20:22 Fletching
21:10 Wheelbarrow
21:15 Heavy Plow
21:31 Great Wall
28:51 Imperial Age
27:25 Leather Archer Armor
28:35 Bodkin Arrow
28:10 Pikeman
29:20 Town Watch
29:48 Forging
30:15 Conscription
30:53 Hand Cart
33:32 Bracer
34:53 Two-Man Saw
35:07 Chemistry
34:28 Ballistics
35:26 Gold Shaft Mining
34:52 Murder Holes
35:07 Capped Ram
37:48 Elite Chu Ko Nu
43:16 Siege Ram
48:51 Ring Archer Armor
48:57 Iron Casting
48:22 Scale Mail Armor
47:58 Sappers
49:01 Town Patrol
49:29 Masonry
jones3adz
7:05 Feudal Age
8:10 Double-Bit Axe
8:06 Horse Collar
13:23 Castle Age
27:05 Bloodlines
26:56 Husbandry
27:08 Forging
27:04 Scale Barding Armor
28:50 Wheelbarrow
28:02 Town Watch
31:22 Imperial Age
29:33 Wheelbarrow
30:09 Fletching
32:29 Conscription
40:22 Chain Barding Armor
40:38 Iron Casting
40:10 Elite Shrivamsha Rider
43:35 Plate Barding Armor
43:37 Elite Chakram Thrower
45:56 Padded Archer Armor
45:51 Bodkin Arrow
Connection lost

Rejoining the realm…

Still unreachable

The connection could not be restored.

Session expired

The server has moved on; the page needs a fresh start.